 Dungeon Crawl Stone Soup version 0.17.0-56-gd8de76c (webtiles) character file.

53846 Ijustatesigmund the Thaumaturge (level 14, -2/82 HPs)
             Began as a Deep Elf Conjurer on Dec 4, 2015.
             Was a High Priest of Vehumet.
             Slain by a four-headed hydra (3 damage)
             ... on level 6 of the Lair of Beasts.
             The game lasted 03:12:13 (32375 turns).

Ijustatesigmund the Thaumaturge (DECj)             Turns: 32375, Time: 03:12:13

Health: -2/82      AC: 26    Str:  5    XL:     14   Next: 32%
Magic:  24/31      EV:  2    Int: 29    God:    Vehumet [*****.]
Gold:   296        SH:  0    Dex: 15    Spells: 9 memorised, 6 levels left

rFire  . . .     SeeInvis .     F - +4 arc blade {discharge, rElec}
rCold  + . .     Clarity  .     T - +6 ring mail "Wahia" {rPois Int+3}
rNeg   + + +     SustAt   .     g - +3 buckler
rPois  ∞         Gourm    .     t - +2 helmet
rElec  +         Spirit   .     (no cloak)
rCorr  .         Warding  +     H - +1 pair of gloves
rMut   .         Stasis   .     (no boots)
MR     +....                    B - amulet of warding
Stlth  +++.......               V - ring "Heschile" {rC+ AC+2}
                                x - +6 ring of protection

@: petrified, somewhat resistant to hostile enchantments, fairly stealthy
A: slow regeneration 1
a: Renounce Religion


You were on level 6 of the Lair of Beasts.
You worshipped Vehumet.
Vehumet was extremely pleased with you.
You were hungry.

You visited 4 branches of the dungeon, and saw 26 of its levels.
You also visited: Labyrinth.

You collected 2233 gold pieces.
You spent 1937 gold pieces at shops.

Inventory:

Hand Weapons
 F - the +4 arc blade (weapon) {discharge, rElec}
   (You found it on level 10 of the Dungeon)

   It insulates you from electricity.
 L - the +8 short sword of Royalism {pierce, *Confuse +Fly MP+9 Str+2}
   (You bought it in a shop on level 3 of the Orcish Mines)

   It inflicts extra damage upon your enemies.
   It affects your strength (+2).
   It affects your magic capacity (+9).
   It lets you fly.
   It may confuse you when you take damage.
 U - a +1 blowgun
 Z - a +1 short sword of protection
Missiles
 v - 5 curare-tipped needles
Armour
 g - a +3 buckler (worn)
 t - a +2 helmet (worn)
 H - a +1 pair of gloves (worn)
 T - the +6 ring mail "Wahia" (worn) {rPois Int+3}
   (You found it in a labyrinth)

   It affects your intelligence (+3).
   It protects you from poison.
Magical Staves
 P - an uncursed staff of wizardry
 Q - an uncursed staff of fire
Rods
 u - a +1 rod of ignition (11/11)
   (You found it on level 5 of the Lair of Beasts)
 z - a +5 lightning rod (9/9)
   (You took it off a minotaur in a labyrinth)
Jewellery
 q - an uncursed amulet of the gourmand
 r - an uncursed ring of protection from fire
 w - an uncursed ring of protection from cold
 x - a +6 ring of protection (left hand)
 B - an amulet of warding (around neck)
 E - an uncursed ring of see invisible
 V - the ring "Heschile" (right hand) {rC+ AC+2}
   (You bought it in a shop on level 10 of the Dungeon)

   [ring of protection]

   It affects your AC (+2).
   It protects you from cold.
Wands
 a - a wand of heal wounds (6)
 j - a wand of cold (0)
 l - a wand of slowing (40)
 A - a wand of fire (9)
 N - a wand of disintegration (9)
 O - a wand of digging (16)
Scrolls
 b - a scroll of blinking
 e - 2 scrolls of fog
 f - 6 scrolls of identify
 h - 4 scrolls of teleportation
 m - 13 scrolls of remove curse
 X - 2 scrolls of amnesia
Potions
 d - a potion of berserk rage
 i - a potion of agility
 k - 4 potions of flight
 p - a potion of brilliance
 s - a potion of resistance
 y - a potion of heal wounds
 C - 3 potions of cancellation
 D - a potion of haste
 G - 5 potions of might
 I - a potion of invisibility
 J - 2 potions of mutation
 W - 7 potions of curing
Books
 K - a book of Fire

   Spells                             Type                      Level
   a - Ignite Poison                  Fire/Transmutation/Poison    3
   b - Fireball                       Conjuration/Fire             5
   c - Bolt of Fire                   Conjuration/Fire             6
   d - Delayed Fireball               Conjuration/Fire             7
   e - Ring of Flames                 Charms/Fire                  7
 R - a book of Geomancy

   Spells                             Type                      Level
   a - Sandblast                      Earth                        1
   b - Stoneskin                      Transmutation/Earth          2
   c - Passwall                       Transmutation/Earth          3
   d - Stone Arrow                    Conjuration/Earth            3
   e - Petrify                        Transmutation/Earth          4
   f - Lee's Rapid Deconstruction     Earth                        5
Miscellaneous
 n - a legendary deck of summoning {Water, drawn: 1}
 M - a phantom mirror
 S - a disc of storms
 Y - a lamp of fire
Comestibles
 c - 11 bread rations
 o - 11 meat rations


   Skills:
 - Level 7.3 Fighting
 - Level 5.0 Short Blades
 + Level 6.8 Armour
 - Level 10.0 Dodging
 - Level 8.4 Stealth
 - Level 4.6 Shields
 + Level 11.4 Spellcasting
 - Level 10.0 Conjurations
 - Level 6.1 Hexes
 - Level 9.4 Charms
 - Level 9.0 Summonings
   Level 3.6 Necromancy
 - Level 3.0 Transmutations
 - Level 5.7 Fire Magic
 - Level 3.1 Earth Magic
 - Level 5.3 Evocations


You had 6 spell levels left.
You knew the following spells:

 Your Spells              Type           Power        Failure   Level  Hunger
a - Magic Dart            Conj           ####         1%          1    None
b - Searing Ray           Conj           ######       1%          2    None
c - Dazzling Spray        Conj/Hex       ######..     1%          3    None
d - Iskenderun's Mystic   Conj           ######..     1%          4    None
e - Iskenderun's Battles  Conj/Chrm      ######..     2%          5    ###....
f - Spellforged Servitor  Conj/Summ      ######....   78%         7    ######.
g - Swiftness             Chrm/Air       #####...     2%          2    None
h - Stoneskin             Trmt/Erth      ####....     8%          2    None
i - Inner Flame           Hex/Fire       ######..     1%          3    None


Dungeon Overview and Level Annotations

Branches:
Dungeon (14/15)            Temple (1/1) D:5            Lair (7/8) D:8
  Swamp (0/4) Lair:3        Snake (0/4) Lair:4          Orc (4/4) D:11
  Slime: Lair:6-8       Elf: Orc:3-4     Vaults: D:13-14

Altars:
Ashenzari
Cheibriados
Dithmenos
Elyvilon
Fedhas
Gozag
Kikubaaqudgha
Makhleb
Nemelex Xobeh
Okawaru
Qazlal
Ru
Sif Muna
Trog
Vehumet
Xom
Yredelemnul
Zin
The Shining One

Shops:
D:5 ?   D:6 (   D:10 =%   D:12 (   Orc:3 (   Orc:4 (:


Innate Abilities, Weirdness & Mutations

You regenerate slowly when monsters are visible.


Message History

* * * LOW HITPOINT WARNING * * *
The four-headed hydra bites you but does no damage. x2
The four-headed hydra bites you.
* * * LOW HITPOINT WARNING * * *
The four-headed hydra bites you.
* * * LOW HITPOINT WARNING * * *
The four-headed hydra bites you but does no damage.
The four-headed hydra bites you!
* * * LOW HITPOINT WARNING * * *
The four-headed hydra bites you.
* * * LOW HITPOINT WARNING * * *
The four-headed hydra bites you but does no damage.
The four-headed hydra barely misses you.
The four-headed hydra bites you but does no damage. x2
The four-headed hydra bites you but does no damage.
The four-headed hydra bites you!
* * * LOW HITPOINT WARNING * * *
The four-headed hydra bites you but does no damage.
The four-headed hydra bites you.
You die...

......†..........................
.................................
.................................
.................................
......†..........................
.......#.###.#.........(.........
......#.#######..................
#.....#.#P#.#.PD.....##...#P.....
......#........P@....#.#.........
#.............../..........#.....
............#........##...#......
#.........)..#P..................
#.....##....###.........P##......
#.....###.#...#..................
#.....P#####[##.................[
.........#.......................
.................................


You could see a four-headed hydra.

Vanquished Creatures
  The ghost of bollicks1999 the Blocker, a journeyman MiFi of Okawaru (Lair:3)
  A minotaur (Lab)
  Harold (D:11)
  5 hydras
  Erolcha (Orc:3)
  2 orc high priests (Orc:4)
  A tengu warrior (D:13)
  Urug (Orc:3)
  A skeletal warrior (D:12)
  3 unseen horrors
  Pikel (D:4)
  2 hill giants (D:11)
  An ugly thing (D:11)
  3 orc knights
  2 orc sorcerers (Orc:4)
  5 black mambas
  2 centaur zombies
  An elephant (D:8)
  2 cyclopes
  8 spiny frogs
  3 efreet
  3 gargoyles
  4 kobold demonologists (D:11)
  5 komodo dragons
  A tengu conjurer (D:13)
  A two-headed ogre (D:11)
  A polar bear (Lair:4)
  6 slime creatures
  4 blink frogs (Lair:4)
  7 trolls
  7 wyverns
  A deep elf fighter (D:9)
  A basilisk (Lair:5)
  A hungry ghost (D:10)
  4 hippogriffs
  4 deep elf magi
  39 yaks
  2 mottled dragons
  2 wargs (Orc:4)
  20 wolves
  10 water moccasins
  Duvessa (D:7)
  6 porcupines
  2 sky beasts
  34 orc warriors
  5 ogres
  A slave (D:4)
  A black bear (D:13)
  6 phantoms
  2 ice beasts
  A necrophage (D:8)
  4 centaurs
  A brain worm (D:13)
  3 big kobolds
  8 crocodiles
  5 scorpions
  23 giant frogs
  3 wyvern skeletons
  Dowan (D:7)
  18 killer bees
  2 quasits
  11 wights
  4 crimson imps
  A giant frog skeleton (D:7)
  3 giant frog zombies
  2 hounds
  6 jellies
  3 centaur skeletons
  21 orc priests
  34 orc wizards
  10 iguanas
  16 worker ants
  A killer bee zombie (D:8)
  9 sheep
  27 river rats
  11 adders
  5 gnolls
  5 shadow imps
  An ooze (D:4)
  5 worms
  An adder skeleton (D:6)
  9 giant geckos
  209 orcs
  9 bats
  9 giant cockroaches
  11 goblins
  11 hobgoblins
  11 jackals
  6 quokkas
  A giant cockroach zombie (D:5)
  16 giant newts
  A jackal skeleton (D:4)
  A jackal zombie (D:8)
  28 kobolds
  7 rats
  A fungus (Orc:4)
803 creatures vanquished.

Vanquished Creatures (others)
  7 fungi
  A plant (Lair:6)
8 creatures vanquished.

Grand Total: 811 creatures vanquished

Notes
Turn   | Place    | Note
--------------------------------------------------------------
     0 | D:1      | Ijustatesigmund the Deep Elf Conjurer began the quest for the Orb.
     0 | D:1      | Reached XP level 1. HP: 10/10 MP: 6/6
   308 | D:1      | Reached XP level 2. HP: 15/15 MP: 5/8
   313 | D:1      | Learned a level 2 spell: Searing Ray
   524 | D:1      | Reached XP level 3. HP: 19/19 MP: 1/10
   530 | D:1      | Reached skill level 5 in Conjurations
  1279 | D:2      | Reached XP level 4. HP: 24/24 MP: 5/12
  1294 | D:2      | Learned a level 3 spell: Dazzling Spray
  1299 | D:2      | Learned a level 4 spell: Iskenderun's Mystic Blast
  1339 | D:2      | Reached skill level 5 in Spellcasting
  2362 | D:3      | Reached XP level 5. HP: 28/28 MP: 10/14
  3245 | D:4      | Noticed a phantom
  3290 | D:4      | Killed a phantom
  3290 | D:4      | Reached XP level 6. HP: 32/32 MP: 3/16
  3385 | D:4      | Noticed a slave
  3387 | D:4      | Noticed a slave
  3387 | D:4      | Noticed Pikel
  3388 | D:4      | Noticed a slave
  3402 | D:4      | Killed a slave
  3405 | D:4      | Noticed a phantom
  3407 | D:5      | Entered Level 5 of the Dungeon
  3444 | D:5      | Reached skill level 5 in Stealth
  3709 | D:4      | Reached skill level 5 in Dodging
  3728 | D:4      | Killed a phantom
  3728 | D:4      | Reached skill level 6 in Stealth
  3728 | D:4      | Reached XP level 7. HP: 36/36 MP: 3/17
  4193 | D:4      | Noticed a slave
  4198 | D:4      | Killed Pikel
  4198 | D:4      | Reached skill level 7 in Dodging
  4198 | D:4      | Reached skill level 8 in Stealth
  4198 | D:4      | Reached XP level 8. HP: 41/41 MP: 5/18
  4731 | D:5      | Reached skill level 1 in Hexes
  4761 | D:5      | Learned a level 5 spell: Iskenderun's Battlesphere
  4980 | D:5      | Found a staircase to the Ecumenical Temple.
  4986 | Temple   | Entered the Ecumenical Temple
  5027 | Temple   | Became a worshipper of Vehumet
  5279 | D:5      | Reached skill level 1 in Charms
  5392 | D:5      | Found Pipn's Magic Scroll Shoppe.
  5395 | D:5      | Bought a scroll of identify for 20 gold pieces
  5395 | D:5      | Bought a scroll of identify for 20 gold pieces
  5395 | D:5      | Bought a scroll of identify for 20 gold pieces
  5395 | D:5      | Bought a scroll of identify for 20 gold pieces
  5395 | D:5      | Bought a scroll of identify for 20 gold pieces
  5776 | D:6      | Got a distressingly furry leather armour
  5787 | D:6      | Identified the +2 leather armour of the End {MP+9} (You found it on level 6 of the Dungeon)
  6276 | D:6      | Found a white marble altar of Elyvilon.
  6512 | D:6      | Found Cawustur's Antique Weapon Shoppe.
  6733 | D:7      | Noticed Duvessa
  6733 | D:7      | Noticed Dowan
  6844 | D:7      | Reached skill level 5 in Charms
  7310 | D:7      | Reached XP level 9. HP: 34/45 MP: 6/21
  7338 | D:7      | You fall through a shaft for 2 floors!
  7688 | D:8      | Reached * piety under Vehumet
  7688 | D:8      | Offered knowledge of Sting by Vehumet.
  8010 | D:7      | Found a shimmering altar of Xom.
  8669 | D:7      | Learned a level 3 spell: Regeneration
  8902 | D:7      | Killed Dowan
  8902 | D:7      | Reached skill level 5 in Hexes
  8914 | D:7      | Killed Duvessa
  9210 | D:8      | Noticed an elephant
  9273 | D:8      | Killed an elephant
  9273 | D:8      | Reached skill level 9 in Charms
  9284 | D:8      | Found a staircase to the Lair.
  9515 | D:8      | Offered knowledge of Throw Frost by Vehumet.
  9945 | D:8      | Reached ** piety under Vehumet
  9948 | D:8      | Reached XP level 10. HP: 49/51 MP: 11/24
 10166 | D:9      | Reached skill level 1 in Necromancy
 10362 | D:9      | You fall through a shaft for 2 floors!
 10464 | D:11     | Reached skill level 1 in Fighting
 10531 | D:11     | Found a staircase to the Orcish Mines.
 10625 | D:10     | Entered Level 10 of the Dungeon
 10681 | D:11     | Found a labyrinth entrance.
 10686 | Lab      | Entered a labyrinth
 10792 | Lab      | Noticed a minotaur
 11297 | Lab      | Killed a minotaur
 11311 | Lab      | Identified Sif Muna's Compendium of Shape Shifting
 11311 | Lab      | Identified the Collected Works on Destructive Flight
 11315 | Lab      | Got a twisted ring mail
 11353 | Lab      | Gained mutation: You regenerate slowly when monsters are visible. [mutagenic glow]
 11385 | Lab      | Identified the +6 ring mail "Wahia" {rPois Int+3} (You found it in a labyrinth)
 11405 | Lab      | Got a jewelled trident {speed}
 11406 | Lab      | Identified the +5 trident of No Interval {speed, +Inv rN+ Int-3 Stlth+} (You found it in a labyrinth)
 11702 | D:11     | Noticed a hill giant
 11894 | D:10     | Reached skill level 5 in Fighting
 11898 | D:10     | Learned a level 2 spell: Swiftness
 11901 | D:10     | Learned a level 2 spell: Stoneskin
 11915 | D:10     | Found Tageqoosm's Jewellery Boutique.
 11922 | D:10     | Bought the ring "Heschile" {rC+ AC+2} for 360 gold pieces
 11941 | D:10     | Reached skill level 1 in Earth Magic
 12022 | D:10     | Reached skill level 1 in Transmutations
 12265 | D:10     | Found Pewiump's Food Shoppe.
 12598 | D:9      | Offered knowledge of Static Discharge by Vehumet.
 12850 | D:9      | Reached *** piety under Vehumet
 12853 | D:9      | Reached XP level 11. HP: 61/63 MP: 5/25
 13123 | D:9      | Reached skill level 5 in Short Blades
 13217 | D:9      | Reached skill level 1 in Armour
 13396 | D:9      | Offered knowledge of Inner Flame by Vehumet.
 13401 | D:9      | Learned a level 3 spell: Inner Flame
 13802 | D:11     | Noticed a hill giant
 13814 | D:11     | Killed a hill giant
 13832 | D:11     | Noticed a cyclops
 13998 | Orc:1    | Entered Level 1 of the Orcish Mines
 13998 | Orc:1    | Noticed Harold
 14006 | D:11     | Killed Harold
 14037 | Orc:1    | Reached **** piety under Vehumet
 14246 | Orc:1    | Offered knowledge of Bolt of Magma by Vehumet.
 14564 | Orc:3    | Found Batopsun's Antique Weapon Boutique.
 14585 | Orc:3    | Bought a scorched short sword for 232 gold pieces
 14713 | Orc:2    | Identified the +8 short sword of Royalism {pierce, *Confuse +Fly MP+9 Str+2} (You bought it in a shop on level 3 of the Orcish Mines)
 14778 | Orc:3    | Noticed Urug
 14980 | Orc:1    | Reached ***** piety under Vehumet
 14984 | Orc:1    | Offered knowledge of Bolt of Draining by Vehumet.
 14991 | Orc:1    | Reached skill level 1 in Fire Magic
 15517 | Orc:1    | Reached skill level 10 in Dodging
 16238 | Orc:3    | Killed Urug
 17041 | Orc:3    | Noticed Erolcha
 17046 | Orc:3    | Killed Erolcha
 17046 | Orc:3    | Reached skill level 5 in Fire Magic
 17252 | Orc:3    | Offered knowledge of Bolt of Fire by Vehumet.
 17394 | Orc:4    | Entered Level 4 of the Orcish Mines
 17409 | Orc:4    | Noticed an orc high priest
 17422 | Orc:3    | Reached XP level 12. HP: 48/68 MP: 3/26
 17648 | Orc:4    | Killed an orc high priest
 17648 | Orc:4    | Reached skill level 1 in Shields
 17648 | Orc:4    | Reached skill level 1 in Evocations
 17677 | Orc:4    | Noticed an orc warlord
 17945 | Orc:4    | Paralysed by an orc sorcerer for 6 turns
 18168 | Orc:4    | Found Adep's Antique Weapon Boutique.
 18575 | Orc:4    | Noticed an orc high priest
 18690 | Orc:4    | Killed an orc high priest
 20041 | Orc:4    | Found Osmolum's Book Emporium.
 20244 | D:11     | Killed a cyclops
 20343 | D:11     | Killed a hill giant
 20343 | D:11     | Reached skill level 5 in Evocations
 20796 | D:11     | Killed an unseen horror
 21165 | D:11     | Offered knowledge of Spellforged Servitor by Vehumet.
 21175 | D:11     | Learned a level 7 spell: Spellforged Servitor
 21307 | Lair:1   | Entered Level 1 of the Lair of Beasts
 21323 | Lair:1   | Reached skill level 1 in Summonings
 22175 | Lair:1   | Reached XP level 13. HP: 76/76 MP: 13/28
 22781 | Lair:2   | Reached skill level 5 in Summonings
 23701 | D:5      | Bought a scroll of blinking for 75 gold pieces
 24097 | D:12     | Found Uquot's Weapon Emporium.
 26143 | D:13     | Offered knowledge of Orb of Destruction by Vehumet.
 27525 | D:10     | Bought a +6 ring of protection for 1170 gold pieces
 28042 | Lair:3   | Noticed bollicks1999's ghost (journeyman MiFi)
 28053 | Lair:3   | Killed bollicks1999's ghost
 28358 | Lair:3   | Found a staircase to the Swamp.
 28461 | Lair:3   | Reached skill level 10 in Conjurations
 28675 | Lair:3   | Reached skill level 5 in Armour
 29926 | Lair:4   | Reached XP level 14. HP: 82/82 MP: 22/29
 30143 | Lair:4   | Found a staircase to the Snake Pit.
 30354 | Lair:4   | Reached skill level 10 in Spellcasting
 31576 | Lair:6   | Offered knowledge of Delayed Fireball by Vehumet.
 31706 | Lair:6   | Reached skill level 11 in Spellcasting
 32375 | Lair:6   | HP: 1/82 [four-headed hydra (4)]
 32375 | Lair:6   | Slain by a four-headed hydra

Action                   |  1- 3 |  4- 6 |  7- 9 | 10-12 | 13-15 || total
-------------------------+-------+-------+-------+-------+-------++-------
Melee: Short sword       |       |     4 |       |   119 |       ||   123
       Morningstar       |       |       |    72 |       |       ||    72
       Dagger            |       |       |       |    10 |       ||    10
       Rapier            |       |       |       |    38 |    43 ||    81
 Cast: Magic Dart        |    74 |   139 |   352 |   745 |   515 ||  1825
       Searing Ray       |     1 |     7 |    24 |    13 |       ||    45
       Iskenderun's Batt |       |       |     3 |    80 |    72 ||   155
       Dazzling Spray    |       |       |     3 |    44 |    19 ||    66
       Iskenderun's Myst |       |       |     2 |    85 |    72 ||   159
       Stoneskin         |       |       |       |    12 |     8 ||    20
       Regeneration      |       |       |       |     2 |       ||     2
       Inner Flame       |       |       |       |     7 |     3 ||    10
Evoke: Wand              |       |     1 |     3 |    14 |       ||    18
       Disc of storms    |       |       |       |     2 |     6 ||     8
       Rod               |       |       |       |     2 |       ||     2
       Deck              |       |       |       |     1 |       ||     1
  Use: Scroll            |     6 |     9 |    17 |     9 |    17 ||    58
       Potion            |       |       |       |     5 |     2 ||     7
 Stab: Sleeping          |       |     1 |     1 |     7 |     4 ||    13
       Invisible         |       |       |     1 |     7 |     2 ||    10
  Eat: Chunk             |     1 |     7 |    15 |    31 |    15 ||    69
       Beef jerky        |       |       |     2 |     2 |     4 ||     8
       Fruit             |       |       |     1 |     4 |    11 ||    16
       Pizza             |       |       |     1 |     9 |     1 ||    11
       Bread ration      |       |       |       |     1 |     2 ||     3
